 Dungeon Crawl Stone Soup version 0.29.1-13-g9f3cf754e1 (webtiles) character file.

Game seed: 18160802213310588190

119 nightchill the Chopper (level 4, -4/41 HPs)
             Began as a Minotaur Fighter on Feb 3, 2023.
             Killed by divine providence
             ... invoked by an orc priest
              (17 damage)
             ... on level 3 of the Dungeon.
             The game lasted 00:03:52 (2144 turns).

nightchill the Chopper (Minotaur Fighter)           Turns: 2144, Time: 00:03:52

Health: -4/41      AC: 10    Str: 23    XL:     4   Next: 73%
Magic:  3/3        EV:  7    Int:  5    God:
Gold:   125        SH:  4    Dex:  9    Spells: 3/3 levels left

rFire   . . .      SeeInvis .   a - +0 war axe
rCold   . . .      Faith    .   c - +0 buckler
rNeg    . . .      Spirit   .   o - +0 chain mail
rPois   .          Reflect  .   (helmet restricted)
rElec   .          Harm     .   (no cloak)
rCorr   .          Rampage  .   p - +0 pair of gloves
Will    .....                   (no boots)
Stlth   ..........              (no amulet)
HPRegen 0.13/turn               (no ring)
MPRegen 0.08/turn               (no ring)

@: no status effects
A: horns 2, retaliatory headbutt
a: no special abilities


You were on level 3 of the Dungeon.
You visited 1 branch of the dungeon, and saw 3 of its levels.

You collected 125 gold pieces.

Inventory:

Hand Weapons
 a - a +0 war axe (weapon)
Armour
 b - a +0 scale mail
 c - a +0 buckler (worn)
 o - a +0 chain mail (worn)
 p - a +0 pair of gloves (worn)
Scrolls
 f - a scroll of blinking {unknown}
 g - a scroll of teleportation {unknown}
 j - a scroll of magic mapping {unknown}
 m - a scroll of immolation
Potions
 d - a potion of invisibility
 e - a potion of flight {unknown}
 i - 2 potions of mutation
 k - 2 potions of degeneration {unknown}
 l - a potion of brilliance {unknown}
 n - a potion of might


   Skills:
 + Level 4.8 Fighting
 * Level 5.1 Axes
 - Level 3.6 Armour
 - Level 3.6 Shields


You had 3 spell levels left.
You didn't know any spells.
Your spell library was empty.

Dungeon Overview and Level Annotations

Branches:
Dungeon (3/15)

Altars:


Innate Abilities, Weirdness & Mutations

You have a pair of horns on your head.
You reflexively headbutt those who attack you in melee.


Message History

You miss something. Something hits you but does no damage.
You hear some strange, mumbled words.
You are confused.
You completely miss something. Something hits you but does no damage.
You bump into the rock wall.
You hear some strange, mumbled words.
Something tries to affect you, but you resist.
You completely miss something.
You hear some strange, mumbled words.
A magic dart appears from out of thin air!
The magic dart hits you!
You completely miss something. Something hits you but does no damage.
The orc priest calls down the wrath of Beogh upon you.
Something writhes in agony!
Reactivating autopickup.
You feel a bit more experienced.
Your Axes skill increases to level 5!
You bump into the rock wall.
The orc priest calls down the wrath of Beogh upon you.
Pain shoots through your body!
You're too confused to move!
You feel less confused.
Unknown command.
You slash the orc priest!
The orc priest is almost dead.
The orc priest hits you but does no damage.
The orc priest invokes the aid of Beogh against you.
Beogh smites you!
* * * LOW HITPOINT WARNING * * *
You barely miss the orc priest.
The orc priest is almost dead.
You block the orc priest's attack.
You barely miss the orc priest.
The orc priest is almost dead.
You block the orc priest's attack.
You barely miss the orc priest.
The orc priest is almost dead.
The orc priest calls down the wrath of Beogh upon you.
Beogh smites you!
You die...

#.# #.# #.#
#.# #.# #.#
#.# #######
########.#
#......
#.o@.....#
#.#####
#.########
#.# #.# #.#
#.# #.# #o#
#####.# #.#
#.....# #o#
#.##### #
#.# #.# #
#o#
#.#########


You could see an orc priest.

Vanquished Creatures
  Terence (D:2)
  Robin (D:2)
  An adder (D:3)
  A worm (D:2)
  2 dart slugs
  2 orcs (D:3)
  4 bats
  An endoplasm (D:3)
  2 giant cockroaches (D:2)
  6 goblins
  4 hobgoblins
  6 jackals
  2 quokkas
  A ball python (D:2)
  2 kobolds
  4 rats
40 creatures vanquished.

Vanquished Creatures (others)
  An orc wizard (D:3)
1 creature vanquished.

Grand Total: 41 creatures vanquished

Notes
Turn   | Place    | Note
-------+----------+-------------------------------------------
     0 | D:1      | nightchill the Minotaur Fighter began the quest for the
                  | Orb.
     0 | D:1      | Reached XP level 1. HP: 19/19 MP: 0/0
   365 | D:1      | Found a faded altar of an unknown god.
   438 | D:1      | Reached skill level 3 in Axes
   442 | D:1      | Reached XP level 2. HP: 27/27 MP: 1/1
   842 | D:2      | Noticed Terence
   850 | D:2      | Killed Terence
   851 | D:2      | Reached skill level 4 in Axes
   851 | D:2      | Reached XP level 3. HP: 16/34 MP: 2/2
  1319 | D:2      | Noticed Robin
  1327 | D:2      | Killed Robin
  1328 | D:2      | Reached XP level 4. HP: 21/41 MP: 3/3
  2139 | D:3      | Reached skill level 5 in Axes
  2144 | D:3      | Killed from afar by an orc priest

Illustrated notes

Levels and vault maps discovered:
D:1:      minmay_arrival_radiant_lines, layout_basic,
          shapermc_ecumenical_altar_ellora
D:2:      layout_loops_ring, uniq_terence, uniq_robin
D:3:      layout_loops_ring, nicolae_eternal_life

Skill      XL: |  1  2  3  4 |
---------------+-------------+-----
Axes           | 3 4 5 |  5.1
Fighting       | 4 |  4.8
Armour         | |  3.6
Shields        | |  3.6

Action                   |  1- 3 |  4- 6 || total
-------------------------+-------+-------++-------
Melee: War axe           |    76 |    41 ||   117
       Headbutt          |     5 |     5 ||    10
  Use: Potion            |     1 |     1 ||     2
       Scroll            |       |     4 ||     4
Armor: Scale mail        |    25 |       ||    25
       Chain mail        |       |    25 ||    25
Dodge: Dodged            |    39 |    13 ||    52
Block: Buckler           |    18 |     9 ||    27
